 Dungeon Crawl Stone Soup version 0.23.2-1-ga50397a (webtiles) character file.

Game seed: 13308077083790936333

80572 TrebMcFLY the Severer (level 15, -13/135 HPs)
             Began as a Minotaur Fighter on May 23, 2019.
             Was the Champion of Makhleb.
             Mangled by a sun demon (19 damage)
             ... summoned by an orc sorcerer
             ... on level 2 of the Orcish Mines on May 25, 2019.
             The game lasted 02:14:19 (27949 turns).

TrebMcFLY the Severer (Minotaur Fighter)           Turns: 27949, Time: 02:14:20

Health: -13/135    AC: 24    Str: 26      XL:     15   Next: 24%
Magic:  22/22      EV: 10    Int:  6 (8)  God:    Makhleb [******]
Gold:   1823       SH: 12    Dex: 15      Spells: 13/14 levels left

rFire    . . .     SeeInvis .   T - +0 broad axe
rCold    + . .     Gourm    .   c - +0 shield
rNeg     . . .     Faith    .   z - +0 plate armour
rPois    .         Spirit   .   a - +1 hat {Int+3}
rElec    .         Reflect  .   U - +2 cloak {rC+}
rCorr    .         Harm     .   v - +2 pair of gloves
MR       +....                  O - +1 pair of boots
Stlth    ..........             h - amulet of rage
HPRegen  0.32/turn              e - +4 ring of dexterity
MPRegen  0.18/turn              Q - +4 ring of evasion

@: about to teleport, very heavily drained
A: retaliatory headbutt, horns 2, blurry vision 1
a: Minor Destruction, Lesser Servant of Makhleb, Major Destruction, Greater
Servant of Makhleb, Renounce Religion, Evoke Berserk Rage


You were on level 2 of the Orcish Mines.
You worshipped Makhleb.
Makhleb was exalted by your worship.
You were not hungry.

You visited 4 branches of the dungeon, and saw 21 of its levels.
You also visited: Ossuary and Ice Cave.

You collected 1823 gold pieces.

Inventory:

Hand Weapons
 l - a +2 hand axe of flaming
 L - the +1 trident of Checkmate {elec, rElec rC+ rN+ Int-4, unknown}
   (You found it on level 6 of the Lair of Beasts)

   Occasionally, upon striking a foe, it will discharge some electrical energy
   and cause terrible harm.
   It affects your intelligence (-4).
   It protects you from cold.
   It insulates you from electricity.
   It protects you from negative energy.
 M - a +4 vampiric battleaxe
 N - the +4 dagger "Uximp" {drain, rPois Int+7}
   (You found it on level 9 of the Dungeon)

   A truly terrible weapon, it drains the life of those it strikes.
   It affects your intelligence (+7).
   It protects you from poison.
 T - a +0 broad axe (weapon)
Missiles
 n - 13 javelins (quivered)
Armour
 a - a +1 hat of intelligence (worn)
 c - a +0 shield (worn)
 s - a +1 hat
 v - a +2 pair of gloves (worn)
 z - a +0 plate armour (worn)
 O - a +1 pair of boots (worn)
 R - a +3 ring mail of cold resistance
 U - a +2 cloak of cold resistance (worn)
Jewellery
 b - an uncursed amulet of the acrobat
 e - a +4 ring of dexterity (left hand)
 h - an amulet of rage (around neck)
 u - an uncursed ring of see invisible
 Q - a +4 ring of evasion (right hand)
 S - an uncursed ring of protection from magic {unknown}
 Z - an uncursed ring of ice
Wands
 y - a wand of paralysis (18)
 F - a wand of acid (14)
 G - a wand of polymorph (19)
 J - a wand of scattershot (7)
 P - a wand of flame (24)
 Y - a wand of iceblast (26)
Scrolls
 g - 6 scrolls of identify
 k - 7 scrolls of amnesia
 m - 9 scrolls of remove curse
 p - 3 scrolls of magic mapping
 q - 2 scrolls of blinking {unknown}
 t - 4 scrolls of teleportation
 x - 5 scrolls of enchant weapon {unknown}
 A - 4 scrolls of enchant armour
 I - a scroll of brand weapon
 V - 2 scrolls of torment {unknown}
Potions
 d - a potion of resistance
 i - 8 potions of heal wounds
 o - 15 potions of curing
 r - 3 potions of mutation
 w - a potion of agility
 B - a potion of ambrosia
 C - 3 potions of brilliance
 D - 5 potions of haste
 E - a potion of cancellation
 K - a potion of flight
 W - a potion of might
 X - 3 potions of invisibility
Miscellaneous
 j - a phial of floods
Comestibles
 f - 43 rations


   Skills:
 + Level 13.1(8.6) Fighting
   Level 7.8(3.7) Long Blades
 + Level 15.6(10.8) Axes
 + Level 13.1(8.6) Armour
 + Level 13.2(8.6) Shields
 * Level 10.8(6.4) Invocations
 + Level 7.8(3.8) Evocations


You had 13 spell levels left.
You knew the following spells:

 Your Spells              Type           Power        Failure   Level  Hunger
a - Confusing Touch       Hex            #.....       100%        1    ##.....

Your spell library contained the following spells:

 Spells                   Type           Power        Failure   Level  Hunger
 Animate Skeleton         Necr           N/A          100%        1    ##.....
 Freeze                   Ice            #...         100%        1    ##.....
 Pain                     Necr           #...         100%        1    ##.....
 Ensorcelled Hibernation  Hex/Ice        #.....       100%        2    ###....
 Throw Frost              Conj/Ice       #.....       100%        2    ###....
 Confuse                  Hex            #.......     100%        3    ####...
 Gell's Gravitas          Tloc           #.........   100%        3    ####...
 Ozocubu's Armour         Chrm/Ice       #.......     100%        3    ####...
 Regeneration             Chrm/Necr      #.........   100%        3    ####...
 Vampiric Draining        Necr           #.........   100%        3    ####...
 Animate Dead             Necr           N/A          100%        4    #####..
 Cause Fear               Hex            #.........   100%        4    #####..
 Ice Form                 Ice/Tmut       #.......     100%        4    #####..
 Petrify                  Tmut/Erth      #.......     100%        4    #####..
 Summon Ice Beast         Ice/Summ       #.......     100%        4    #####..
 Throw Icicle             Conj/Ice       #.......     100%        4    #####..
 Metabolic Englaciation   Hex/Ice        #.........   100%        5    ######.
 Silence                  Hex/Air        #.........   100%        5    ######.
 Yara's Violent Unravell  Hex/Tmut       #.........   100%        5    ######.
 Deflect Missiles         Chrm/Air       #.........   100%        6    #######
 Freezing Cloud           Conj/Ice/Air   #.........   100%        6    #######
 Discord                  Hex            #.........   100%        8    #######


Dungeon Overview and Level Annotations

Branches:
Dungeon (12/15)            Temple (1/1) D:6            Lair (6/6) D:10
 Shoals (0/4) Lair:3        Snake (0/4) Lair:4        Slime (0/5) Lair:5
    Orc (2/2) D:12            Elf (0/3) Orc:2

Altars:
Ashenzari
Cheibriados
Dithmenos
Elyvilon
Fedhas
Gozag
Hepliaklqana
Kikubaaqudgha
Makhleb
Nemelex Xobeh
Okawaru
Qazlal
Ru
Sif Muna
Trog
Uskayaw
Vehumet
Wu Jian
Xom
Yredelemnul
Zin
The Shining One
Jiyva

Shops:
Orc:2 }[

Annotations:
D:2 1 runed translucent door, Crazy Yiuf
D:10 Sonja
D:12 Rupert
Lair:4 exclusion: oklob plant
Lair:6 exclusion: oklob plant


Innate Abilities, Weirdness & Mutations

You reflexively headbutt those who attack you in melee.
You have a pair of horns on your head.
Scrolls take you a little longer to read.


Message History

a +0 dagger; a cursed -1 robe; an orc corpse You feel much better.
The sun demon hits you!
* * * LOW HITPOINT WARNING * * *
You are engulfed in flames!!
* * * LOW HITPOINT WARNING * * *
The orc sorcerer gestures at you while chanting.
The bolt of fire hits you but does no damage.
You block the sun demon's attack.
Okay, then.
Really read with blurry vision while enemies are nearby?
You begin reading the scroll.
You continue reading the scroll.
The sun demon hits you but does no damage.
The orc sorcerer gestures at you while chanting.
The bolt of negative energy misses you.
As you read the scroll of teleportation, it crumbles to dust.
You feel strangely unstable. The sun demon hits you!
* * * LOW HITPOINT WARNING * * *
You are engulfed in flames!!
You die...

...##.......# #.. ..####..##.##
...≈§.. #.. ### #...### ≈.≈≈...
### ##>####### ≈≈≈.8.. #####≈≈≈##
.8..... ##### ##≈≈...## ..)...#
##.#.###≈###8..## .....#
##....##≈§#_....)###3''###.
###.#.##≈.#.....@3o.).§§...
.#...###≈.8......o45...§§..
..#.## ##.........§≈≈≈§≈§..
.....#####.......§≈#####§..
......##§#'#'###...# .. ##+#+
.....###≈§.).)##≈.... ≈ #....
....## #≈§.8..##§..... #..8§
.....###≈§§..≈##≈.8..∩ #§§..
..#..##≈≈≈...≈###############≈...


You could see a sun demon, a rust devil, a neqoxec, an orc sorcerer, an iron imp
and an orc.

Vanquished Creatures
  A dire elephant (Lair:4)
  An ettin (Orc:2)
  Erolcha (Orc:2)
  5 hydras
  An ice dragon (Lair:5)
  4 two-headed ogres
  Urug (D:12)
  5 death yaks
  Nergalle (Orc:2)
  A fire crab (Lair:5)
  An unseen horror (D:7)
  A necromancer (IceCv)
  4 orc knights
  9 orc sorcerers (Orc:2)
  2 cyclopes (D:11)
  A manticore (Lair:3)
  2 ugly things
  2 centaur zombies (D:12)
  An ice statue (IceCv)
  26 elephants
  3 black mambas
  A torpor snail (Lair:6)
  23 spiny frogs
  7 komodo dragons
  10 freezing wraiths (IceCv)
  4 rime drakes
  4 trolls (Orc:2)
  5 polar bears
  4 tyrant leeches (Lair:6)
  25 blink frogs
  8 hippogriffs
  30 yaks
  A water elemental (D:12)
  A spriggan (Lair:3)
  3 wraiths (Lair:4)
  A human (D:9)
  A shadow (D:11)
  A basilisk (D:12)
  3 wyverns
  2 hungry ghosts
  3 hogs (D:9)
  6 vampire mosquitoes (Lair:6)
  A death yak simulacrum (IceCv)
  Menkaure (Ossuary)
  2 nagas (Lair:4)
  6 swamp worms (D:11)
  8 wargs
  An acid dragon (D:11)
  7 porcupines
  14 water moccasins
  17 orc warriors
  3 sky beasts
  A black bear (D:10)
  2 necrophages
  14 ice beasts
  A phantom (D:7)
  17 wolves
  10 ogres
  An eye of draining (D:9)
  3 centaurs
  12 crocodiles
  3 big kobolds
  27 bullfrogs
  A gnoll sergeant (D:8)
  An elf skeleton (D:7)
  22 killer bees
  2 scorpions (D:6)
  An elephant simulacrum (IceCv)
  9 wights
  2 electric eels
  2 howler monkeys (D:8)
  A bullfrog zombie (D:8)
  4 crimson imps
  5 draconian simulacra (IceCv)
  5 hounds
  A human zombie (D:7)
  6 jellies
  21 orc priests
  A gnoll shaman (D:2)
  3 bullfrog skeletons
  2 human skeletons (D:7)
  5 iguanas
  32 orc wizards
  2 hell rats
  4 worker ants
  A polar bear simulacrum (IceCv)
  A spriggan simulacrum (IceCv)
  2 troll simulacra (IceCv)
  A wolf simulacrum (IceCv)
  5 centaur simulacra
  A hound skeleton (D:4)
  3 mummies (Ossuary)
  2 worker ant zombies (D:8)
  6 gnolls
  13 adders
  4 naga simulacra (IceCv)
  4 ogre simulacra (IceCv)
  2 river rats
  A hound simulacrum (D:10)
  3 shadow imps
  12 white imps (IceCv)
  A worker ant simulacrum (D:10)
  An ufetubus (D:10)
  An adder zombie (D:8)
  An adder skeleton (D:5)
  A worm (D:3)
  A dart slug (D:2)
  4 leopard geckos
  99 orcs
  A ball python (D:2)
  5 giant cockroaches
  3 gnoll skeletons (Ossuary)
  9 goblins
  17 hobgoblins
  6 jackals
  10 quokkas
  6 bats
  5 frilled lizards
  9 gnoll zombies (Ossuary)
  6 goblin skeletons (Ossuary)
  3 goblin zombies (Ossuary)
  2 hobgoblin skeletons (Ossuary)
  3 hobgoblin zombies (Ossuary)
  2 jackal skeletons
  A jackal zombie (D:6)
  25 kobolds
  5 kobold skeletons (Ossuary)
  2 kobold zombies (Ossuary)
  A leopard gecko skeleton (D:5)
  6 orc skeletons
  4 orc zombies (Ossuary)
  11 rats
  5 rat skeletons (Ossuary)
  4 rat zombies (Ossuary)
  A bush (Lair:6)
  5 fungi
  5 plants
831 creatures vanquished.

Vanquished Creatures (collateral kills)
  Gastronok (Lair:1)
  Josephine (Lair:4)
  A hydra (Lair:6)
  A komodo dragon (Lair:1)
  A porcupine (Lair:4)
5 creatures vanquished.

Vanquished Creatures (others)
  An orc wizard (Orc:2)
  An orc (Orc:2)
  A bush (Lair:6)
  67 fungi
  62 plants
132 creatures vanquished.

Grand Total: 968 creatures vanquished

Notes
Turn   | Place    | Note
-------+----------+-------------------------------------------
     0 | D:1      | TrebMcFLY the Minotaur Fighter began the quest for the Orb.
     0 | D:1      | Reached XP level 1. HP: 19/19 MP: 0/0
   183 | D:1      | Reached skill level 3 in Axes
   201 | D:1      | Reached XP level 2. HP: 24/27 MP: 1/1
   538 | D:1      | Reached XP level 3. HP: 29/33 MP: 2/2
   983 | D:1      | Reached skill level 4 in Axes
  1281 | D:1      | Reached XP level 4. HP: 40/40 MP: 3/3
  1422 | D:2      | Found a hazy altar of Hepliaklqana.
  1486 | D:2      | Found a runed translucent door.
  1487 | D:2      | Noticed Crazy Yiuf
  1653 | D:2      | Reached XP level 5. HP: 47/47 MP: 4/4
  1875 | D:2      | Found a faded altar of an unknown god.
  2565 | D:3      | Reached skill level 5 in Axes
  2584 | D:3      | Found a shattered altar of Ashenzari.
  3179 | D:4      | Noticed an orc warrior
  3279 | D:4      | Reached XP level 6. HP: 55/55 MP: 5/5
  3394 | D:4      | Reached skill level 5 in Fighting
  4211 | D:4      | Reached skill level 5 in Armour
  4211 | D:4      | Reached skill level 5 in Shields
  4448 | D:4      | Noticed a sky beast
  4471 | D:4      | Killed a sky beast
  4471 | D:4      | Reached skill level 6 in Axes
  4601 | D:5      | Entered Level 5 of the Dungeon
  4677 | D:5      | Noticed an ice beast
  4687 | D:5      | Killed an ice beast
  4687 | D:5      | Reached XP level 7. HP: 61/61 MP: 6/6
  4802 | D:5      | Reached skill level 7 in Axes
  4974 | D:5      | Found an ancient bone altar of Kikubaaqudgha.
  5267 | D:5      | Found a snail-covered altar of Cheibriados.
  5352 | D:5      | Reached XP level 8. HP: 65/70 MP: 7/7
  5954 | D:6      | Reached skill level 8 in Axes
  6317 | D:6      | Found a staircase to the Ecumenical Temple.
  6333 | Temple   | Entered the Ecumenical Temple
  6510 | D:6      | Reached skill level 9 in Axes
  6942 | D:6      | Reached XP level 9. HP: 79/79 MP: 8/8
  7184 | D:7      | Noticed an unseen horror
  7190 | D:7      | Killed an unseen horror
  7190 | D:7      | Reached skill level 10 in Axes
  7408 | D:7      | Found a sand-covered staircase.
  7419 | Ossuary  | Entered an ossuary
  7689 | Ossuary  | Noticed Menkaure
  7707 | Ossuary  | Killed Menkaure
  7802 | D:7      | Reached skill level 11 in Axes
  7881 | D:7      | Found an ornate altar of the Wu Jian Council.
  7964 | D:7      | Reached XP level 10. HP: 84/89 MP: 9/9
  8417 | D:8      | Noticed a two-headed ogre
  8794 | D:8      | Found a sparkling altar of Nemelex Xobeh.
  8796 | D:8      | Found a burning altar of Makhleb.
  8803 | D:8      | Became a worshipper of Makhleb the Destroyer
  8989 | D:8      | Reached skill level 12 in Axes
  9350 | D:9      | Reached * piety under Makhleb
  9458 | D:9      | Noticed a two-headed ogre
  9597 | D:9      | Noticed a two-headed ogre
  9604 | D:9      | Killed a two-headed ogre
  9604 | D:9      | Reached skill level 1 in Invocations
  9604 | D:9      | Reached skill level 1 in Evocations
  9666 | D:9      | Got a dazzling dagger
  9716 | D:9      | Killed a two-headed ogre
  9827 | D:9      | Reached XP level 11. HP: 96/98 MP: 11/11
 10283 | D:10     | Entered Level 10 of the Dungeon
 10283 | D:10     | Found a staircase to the Lair.
 10438 | D:10     | Noticed a glowing orange brain
 10629 | D:10     | Learned a level 1 spell: Confusing Touch
 10714 | D:10     | Noticed a two-headed ogre
 10742 | D:10     | Killed a two-headed ogre
 10742 | D:10     | Reached skill level 10 in Fighting
 10742 | D:10     | Reached skill level 10 in Shields
 10930 | D:10     | Reached ** piety under Makhleb
 10991 | D:10     | Reached skill level 10 in Armour
 11314 | D:10     | Noticed Sonja
 11560 | Lair:1   | Entered Level 1 of the Lair of Beasts
 11862 | D:10     | Reached skill level 13 in Axes
 12058 | D:11     | Noticed a two-headed ogre
 12064 | D:11     | Killed a two-headed ogre
 12288 | D:11     | Reached *** piety under Makhleb
 12530 | D:11     | Noticed a red ugly thing
 12530 | D:11     | Noticed a red ugly thing
 12566 | D:10     | Killed a white ugly thing
 12942 | Lair:1   | Noticed an eight-headed hydra
 12955 | Lair:1   | Killed a seven-headed hydra
 12955 | Lair:1   | Reached skill level 1 in Long Blades
 12955 | Lair:1   | Reached XP level 12. HP: 107/107 MP: 14/14
 13117 | Lair:1   | Noticed a seven-headed hydra
 13140 | Lair:1   | Killed a two-headed hydra
 13466 | Lair:1   | Noticed Gastronok
 13485 | Lair:1   | Killed Gastronok
 13749 | Lair:1   | Reached skill level 5 in Invocations
 13953 | Lair:1   | Identified the +4 dagger "Uximp" {drain, rPois Int+7} (You
                  | found it on level 9 of the Dungeon)
 14088 | Lair:2   | Reached skill level 14 in Axes
 14431 | Lair:2   | Reached skill level 5 in Evocations
 14652 | Lair:2   | Got a bloodstained ring mail
 15458 | Lair:3   | Reached **** piety under Makhleb
 15616 | Lair:3   | Found a staircase to the Shoals.
 16114 | Lair:4   | Reached XP level 13. HP: 111/115 MP: 16/16
 16268 | Lair:4   | Got a smoking quarterstaff
 16458 | Lair:4   | Noticed Josephine
 16469 | Lair:4   | Killed Josephine
 16501 | Lair:4   | Noticed a dire elephant
 16767 | Lair:4   | Reached skill level 5 in Long Blades
 17212 | Lair:4   | Found a staircase to the Snake Pit.
 17835 | Lair:4   | Killed a dire elephant
 18298 | Lair:5   | Found a frozen archway.
 18339 | Lair:5   | Reached ***** piety under Makhleb
 18370 | IceCv    | Entered an ice cave
 18931 | IceCv    | Reached XP level 14. HP: 74/125 MP: 19/19
 19137 | IceCv    | Found an ancient bone altar of Kikubaaqudgha.
 19504 | IceCv    | Identified the Volume of the Glacier
 19945 | Lair:5   | Found a staircase to the Slime Pits.
 19946 | Lair:5   | Found a viscous altar of Jiyva.
 20530 | Lair:5   | Identified the +1 ring mail "Adgheady" {*Contam rN+++ Str-2
                  | SInv} (You found it on level 2 of the Lair of Beasts)
 20554 | Lair:5   | Gained mutation: Scrolls take you a little longer to read.
                  | [mutagenic glow]
 20572 | Lair:5   | Identified the +1 quarterstaff of the Scorpion {crush,
                  | Int+8 Dex+3} (You found it on level 4 of the Lair of
                  | Beasts)
 20631 | Lair:6   | Entered Level 6 of the Lair of Beasts
 20716 | Lair:6   | Reached skill level 15 in Axes
 21493 | Lair:5   | Identified a scroll of acquirement
 23004 | Lair:6   | Reached ****** piety under Makhleb
 23049 | Lair:6   | Reached skill level 10 in Invocations
 23534 | Lair:6   | Got a shimmering trident
 24756 | D:12     | Found a staircase to the Orcish Mines.
 25075 | D:12     | Noticed Urug
 25140 | D:12     | Noticed Rupert
 25186 | D:12     | Killed Urug
 25325 | Orc:1    | Entered Level 1 of the Orcish Mines
 25790 | Orc:2    | Entered Level 2 of the Orcish Mines
 26025 | Orc:2    | Reached XP level 15. HP: 133/133 MP: 21/21
 26068 | Orc:2    | Found a radiant altar of Vehumet.
 26675 | Orc:2    | Found a staircase to the Elven Halls.
 27660 | Orc:2    | Paralysed by an orc sorcerer for 6 turns
 27822 | Orc:2    | Found Jugunkar's Antique Armour Shoppe.
 27876 | Orc:2    | Found a radiant altar of Vehumet.
 27884 | Orc:2    | Noticed Erolcha
 27897 | Orc:2    | Killed Erolcha
 27912 | Orc:2    | Found Zivi's Gadget Emporium.
 27916 | Orc:2    | Noticed Nergalle
 27931 | Orc:2    | Killed Nergalle
 27949 | Orc:2    | HP: 6/135 [sun demon[an orc sorcerer] (8)]
 27949 | Orc:2    | Mangled by a sun demon

Skill      XL: |  1  2  3  4  5  6  7  8  9 10 11 12 13 14 15 |
---------------+----------------------------------------------+-----
Axes           | 3 4 5 6 7 9 11 12 13 14 15 | 15.6
Fighting       | 4 5 6 7 8 9 10 11 12 13 | 13.1
Shields        | 4 5 6 7 8 9 10 11 12 13 | 13.2
Armour         | 4 5 6 7 8 9 10 11 12 13 | 13.1
Invocations    | 2 4 6 8 10 | 10.8
Evocations     | 2 4 5 6 7 |  7.8
Long Blades    | 1 4 6 7 |  7.8

Action                   |  1- 3 |  4- 6 |  7- 9 | 10-12 | 13-15 || total
-------------------------+-------+-------+-------+-------+-------++-------
Melee: War axe           |    77 |   145 |       |       |       ||   222
       Headbutt          |    22 |    34 |    94 |   241 |   462 ||   853
       Hand axe          |    18 |     4 |   367 |   885 |  1071 ||  2345
       Falchion          |       |       |     2 |       |    21 ||    23
       Broad axe         |       |       |       |       |   360 ||   360
Invok: Lesser Servant of |       |       |       |     3 |     5 ||     8
       Minor Destruction |       |       |       |     3 |     1 ||     4
 Abil: Evoke Berserk Rag |       |       |       |       |     5 ||     5
  Use: Scroll            |       |     6 |     2 |     9 |    10 ||    27
       Potion            |       |       |       |     2 |     1 ||     3
 Stab: Distracted        |       |       |       |     1 |     1 ||     2
  Eat: Chunk             |     1 |    10 |     9 |    26 |    35 ||    81
       Ration            |       |       |     1 |       |     3 ||     4
Armor: Scale mail        |    37 |       |       |       |       ||    37
       Chain mail        |       |    56 |    63 |       |       ||   119
       Plate armour      |       |       |    70 |   225 |   496 ||   791
       Ring mail         |       |       |       |       |    45 ||    45
Dodge: Dodged            |    26 |    29 |    70 |   226 |   483 ||   834
Block: Shield            |    54 |    61 |   123 |   424 |   478 ||  1140
       Rpst.: Falchion   |       |       |     1 |       |     2 ||     3
